AoeStats
← Mycorrhizal

Nomad

509127344Analyzed
3v3 RM · 7d ago on Sep 25, 2026· 42m 21s· 6 players
Game mode
Random Map
Map size
210×210
Population
200
Speed
Normal
Resources
Standard
Victory
Conquest
Starting age
Dark Age
Ending age
Imperial Age
RankedLock teamsTeams togetherTeam positionsShared explorationLock speedFull tech treeHidden civsTurbo modeCheats
Victory
Defeat
🇭🇺 Franks · Hungary
1466
+11
🇷🇴 Dravidians · Romania
1435
+12
🇭🇺 Huns · Hungary
1388
+14
🇨🇦 Byzantines · Canada
1411
-14
🇻🇳 Inca · Vietnam
1353
-13
🇨🇳 Dravidians · China
1294
-10
Mycorrhizal
10:52 Loom
12:59 Feudal Age
17:30 Castle Age
15:59 Double-Bit Axe
16:17 Gold Mining
17:21 Scale Barding Armor
19:00 Bow Saw
22:23 Chain Barding Armor
23:34 Horse Collar
26:58 Forging
27:17 Husbandry
30:43 Iron Casting
32:57 Stone Mining
35:11 Heavy Plow
36:23 Wheelbarrow
36:17 Fletching
42:17 Imperial Age
42:04 Bodkin Arrow
43:05 Hand Cart
bina
12:40 Feudal Age
13:09 Fishing Lines
13:21 Double-Bit Axe
13:23 Loom
15:18 Horse Collar
18:54 Castle Age
17:13 Gold Mining
17:15 Stone Mining
17:47 Fletching
18:42 Scale Mail Armor
19:17 Padded Archer Armor
22:25 Bodkin Arrow
27:17 Wheelbarrow
27:20 Chain Mail Armor
27:16 Forging
28:19 Squires
30:05 Gillnets
30:14 Arson
38:28 Imperial Age
37:31 Bow Saw
39:58 Hand Cart
40:07 Crossbowman
41:14 Arbalester
HungrySimba
10:04 Loom
12:26 Feudal Age
17:41 Double-Bit Axe
22:00 Castle Age
22:04 Fletching
23:41 Bow Saw
31:01 Horse Collar
31:58 Wheelbarrow
32:37 Heavy Plow
34:40 Elite Skirmisher
36:16 Medium Warships
38:52 Demolition Ship
40:02 Hand Cart
GymBeam93
2:57 Loom
14:22 Feudal Age
18:04 Castle Age
17:33 Bloodlines
17:16 Fletching
18:56 Bodkin Arrow
18:51 Demolition Ship
27:31 Horse Collar
29:22 Husbandry
29:59 Double-Bit Axe
30:54 Bow Saw
35:57 Wheelbarrow
38:06 Imperial Age
36:23 Heavy Plow
36:24 Gold Mining
37:19 Hand Cart
37:41 Gold Shaft Mining
37:27 Hand Cart
38:09 Heavy Cavalry Archer
39:28 Thumb Ring
39:32 Bracer
40:54 Two-Man Saw
40:23 Ballistics
41:07 Chemistry
41:49 Parthian Tactics
41:25 Padded Archer Armor
41:27 Scale Mail Armor
41:19 Capped Ram
[S3nS3] Gróf
4:42 Loom
13:35 Feudal Age
17:32 Castle Age
16:50 Double-Bit Axe
17:10 Gold Mining
18:18 Wheelbarrow
18:46 Scale Barding Armor
19:59 Forging
23:27 Chain Barding Armor
23:47 Husbandry
26:48 Iron Casting
38:09 Imperial Age
36:34 Hand Cart
38:17 Cavalier
40:06 Plate Barding Armor
41:31 Bow Saw
41:15 Paladin
Leto Apor
6:08 Loom
12:45 Feudal Age
14:40 Loom
17:24 Castle Age
16:29 Fishing Lines
17:53 Town Watch
22:44 Fletching
24:39 Medium Warships
31:23 Bodkin Arrow
31:58 Medium Warships
32:02 Forging
32:43 Gillnets
34:56 Iron Casting
35:55 Double-Bit Axe
37:25 Bow Saw
43:17 Imperial Age
42:16 Scale Mail Armor
42:18 Squires
41:39 Pikeman
Connection lost

Rejoining the realm…

Still unreachable

The connection could not be restored.

Session expired

The server has moved on; the page needs a fresh start.